 Dungeon Crawl Stone Soup version 0.23.2 (webtiles) character file.

Game seed: 6945138206150286472

1073 Menchi the Skirmisher (level 8, 0/71 HPs)
             Began as a Ghoul Fighter on Apr 4, 2019.
             Slain by Duvessa
             ... wielding a +0 short sword of electrocution
              (18 damage)
             ... on level 6 of the Dungeon.
             The game lasted 00:11:03 (4175 turns).

Menchi the Skirmisher (Ghoul Fighter)               Turns: 4175, Time: 00:11:03

Health: 0/71       AC: 20    Str: 21    XL:     8   Next: 28%
Magic:  7/7        EV:  6    Int:  4    God:
Gold:   316        SH:  0    Dex:  8    Spells: 7/7 levels left

rFire    . . .     SeeInvis .   b - +4 scythe (protect)
rCold    + . .     Gourm    .   (shield currently unavailable)
rNeg     + + +     Faith    .   s - +0 plate armour
rPois    ∞         Spirit   .   (no helmet)
rElec    .         Reflect  .   (no cloak)
rCorr    .         Harm     .   u - +0 pair of gloves
MR       +....                  (no boots)
Stlth    ..........             (no amulet)
HPRegen  0.00/turn              r - ring of wizardry
MPRegen  0.10/turn              c - ring of protection from magic

@: protection aura, rotting
A: rotting body, claws 1, carnivore, cold resistance 1, negative energy
resistance 3, inhibited regeneration, torment resistance, unbreathing
a: no special abilities


You were on level 6 of the Dungeon.
You were not hungry.

You visited 1 branch of the dungeon, and saw 6 of its levels.

You collected 316 gold pieces.

Inventory:

Hand Weapons
 a - a +0 war axe
 b - a +4 scythe of protection (weapon)
Armour
 o - a +2 robe of resistance
 s - a +0 plate armour (worn)
 u - a +0 pair of gloves (worn)
Jewellery
 c - a ring of protection from magic (right hand)
 r - a ring of wizardry (left hand)
Wands
 v - a wand of acid (13)
 w - a wand of iceblast (7)
Scrolls
 e - 6 scrolls of teleportation {unknown}
 g - 9 scrolls of identify
 i - a scroll of immolation {unknown}
 p - 2 scrolls of amnesia {unknown}
 t - a scroll of remove curse {unknown}
 y - a scroll of fog {unknown}
 A - a scroll of random uselessness {unknown}
 B - a scroll of enchant armour {unknown}
Potions
 d - 2 potions of might
 h - a potion of brilliance
 j - a potion of cancellation {unknown}
 k - 2 potions of flight {unknown}
 l - a potion of resistance {unknown}
 m - a potion of heal wounds {unknown}
 n - a potion of mutation {unknown}
 q - a potion of lignification {unknown}
 z - a potion of degeneration {unknown}
Comestibles
 f - 5 rations
 x - a chunk of flesh


   Skills:
 * Level 6.4 Fighting
 * Level 5.8 Axes
 * Level 5.4 Armour
   Level 2.6 Shields


You had 7 spell levels left.
You didn't know any spells.
Your spell library contained the following spells:

 Spells                   Type           Power        Failure   Level  Hunger
 Sticks to Snakes         Tmut           #.......     99%         2    ###....
 Beastly Appendage        Tmut           Unusable     N/A         1    N/A
 Spider Form              Tmut/Pois      Unusable     N/A         3    N/A
 Ice Form                 Ice/Tmut       Unusable     N/A         4    N/A
 Blade Hands              Tmut           Unusable     N/A         5    N/A

Dungeon Overview and Level Annotations

Branches:
Dungeon (6/15)
 Temple: D:4-7

Altars:
Hepliaklqana
Kikubaaqudgha
Qazlal

Annotations:
D:6 Dowan, Duvessa


Innate Abilities, Weirdness & Mutations

Your body is rotting away.
You thrive on raw meat.
You are immune to poison.
You have sharp fingernails.
You are carnivorous and can eat meat at any time.
Your flesh is cold resistant. (rC+)
You are immune to negative energy. (rN+++)
You do not regenerate when monsters are visible.
You are immune to unholy pain and torment.
You can survive without breathing.


Message History

You slash Duvessa!
Duvessa is heavily wounded.
Duvessa hits you but does no damage.
Duvessa drinks a potion.
Duvessa is healed!
You hit Duvessa.
Duvessa is heavily wounded.
Duvessa hits you with a +0 short sword of electrocution. x2
You are electrocuted!
* * * LOW HITPOINT WARNING * * *
You slice Duvessa!!
Duvessa is almost dead.
Duvessa barely misses you.
Dowan gestures wildly while chanting.
Dowan blinks!
You barely miss Duvessa.
Duvessa is almost dead.
Duvessa hits you with a +0 short sword of electrocution.
* * * LOW HITPOINT WARNING * * *
You are electrocuted!!
You die...

######### .###
#.......# ....
#.......##...
#..<....#..#
#..........#
#..).....#.#
#..........#
#..........######
########.@e......
#...###### #e...#
#....# #.##.# #.#
.. #.# ..# #§#
#..


You could see Duvessa and Dowan.

Vanquished Creatures
  Sigmund (D:3)
  A phantom (D:4)
  An ogre (D:4)
  A centaur (D:5)
  Blork the orc (D:6)
  A scorpion (D:3)
  A howler monkey (D:4)
  2 bullfrog zombies
  A crimson imp (D:5)
  An orc priest (D:3)
  A hound (D:4)
  Jessica (D:2)
  Natasha (D:2)
  An iguana (D:5)
  An orc wizard (D:3)
  2 worker ants
  A howler monkey zombie (D:5)
  3 gnolls (D:3)
  7 adders
  A shadow imp (D:5)
  An adder skeleton (D:4)
  A dart slug (D:1)
  3 leopard geckos
  8 orcs
  5 bats
  5 giant cockroaches
  7 hobgoblins
  4 quokkas
  A ball python (D:4)
  5 frilled lizards
  10 goblins
  A jackal skeleton (D:3)
  3 kobolds
  A quokka skeleton (D:5)
  14 rats
99 creatures vanquished.

Notes
Turn   | Place    | Note
-------+----------+-------------------------------------------
     0 | D:1      | Menchi the Ghoul Fighter began the quest for the Orb.
     0 | D:1      | Reached XP level 1. HP: 19/19 MP: 0/0
   156 | D:1      | Reached XP level 2. HP: 26/26 MP: 1/1
   707 | D:1      | Reached XP level 3. HP: 32/33 MP: 2/2
   819 | D:2      | Noticed Jessica
   823 | D:2      | Killed Jessica
   856 | D:2      | Reached XP level 4. HP: 30/40 MP: 3/3
   947 | D:2      | Reached skill level 4 in Fighting
  1032 | D:2      | Noticed Natasha
  1051 | D:2      | Killed Natasha
  1184 | D:2      | Reached XP level 5. HP: 40/46 MP: 4/4
  1365 | D:2      | Found a hazy altar of Hepliaklqana.
  1622 | D:3      | Noticed Sigmund
  1646 | D:3      | Killed Sigmund
  1646 | D:3      | Reached XP level 6. HP: 17/53 MP: 5/5
  1918 | D:3      | Reached skill level 5 in Axes
  2120 | D:3      | Reached XP level 7. HP: 44/60 MP: 6/6
  2795 | D:4      | Reached skill level 5 in Fighting
  3382 | D:5      | Entered Level 5 of the Dungeon
  3461 | D:5      | Reached XP level 8. HP: 57/70 MP: 7/7
  3664 | D:5      | Reached skill level 6 in Fighting
  3664 | D:5      | Reached skill level 5 in Armour
  3800 | D:5      | Found an ancient bone altar of Kikubaaqudgha.
  3919 | D:5      | Found a stormy altar of Qazlal.
  4046 | D:6      | Noticed Blork the orc
  4154 | D:6      | Killed Blork the orc
  4162 | D:6      | Noticed Dowan
  4163 | D:6      | Noticed Duvessa
  4175 | D:6      | Slain by Duvessa

Skill      XL: |  1  2  3  4  5  6  7  8 |
---------------+-------------------------+-----
Axes           | 2 3 4 5 |  5.8
Armour         | 3 4 5 |  5.4
Fighting       | 4 5 6 |  6.4
Shields        | |  2.6

Action                   |  1- 3 |  4- 6 |  7- 9 || total
-------------------------+-------+-------+-------++-------
Melee: War axe           |    87 |    92 |       ||   179
       Scythe            |       |    64 |   125 ||   189
  Use: Scroll            |       |     2 |       ||     2
 Stab: Sleeping          |       |     1 |       ||     1
  Eat: Chunk             |    12 |    19 |    11 ||    42
Armor: Scale mail        |    45 |       |       ||    45
       Robe              |     4 |    10 |       ||    14
       Plate armour      |       |    98 |   123 ||   221
Dodge: Dodged            |    50 |    75 |    56 ||   181
